 Dungeon Crawl Stone Soup version 0.22-a0-75-g1fede22 (webtiles) character file.

1301 KristoblXynda the Slasher (level 8, 0/44 HPs)
             Began as a Tengu Gladiator on Jan 12, 2018.
             Was a Follower of Fedhas.
             Slain by a hound (4 damage)
             ... on level 5 of the Dungeon.
             The game lasted 00:09:51 (5389 turns).

KristoblXynda the Slasher (Tengu Gladiator)         Turns: 5389, Time: 00:09:52

Health: 0/44       AC: 11    Str: 16    XL:     8   Next: 57%
Magic:  12/12      EV: 14    Int: 11    God:    Fedhas [*.....]
Gold:   251        SH:  0    Dex: 18    Spells: 7/7 levels left

rFire    . . .     SeeInvis .   a - +1 long sword
rCold    . . .     Gourm    .   (no shield)
rNeg     . . .     Faith    .   s - +0 ring mail
rPois    .         Spirit   .   c - +0 hat
rElec    .         Reflect  .   g - +1 cloak
rCorr    .         Harm     .   l - +0 pair of gloves
MR       .....                  (boots unavailable)
Stlth    +.........             h - amulet of rage
HPRegen  0.14/turn              q - ring of wizardry
MPRegen  0.13/turn              (no ring)

@: glowing
A: beak, talons 3, molten scales 1, agile 1, strong 1, able to fly 1
a: Fly, Fungal Bloom, Evolution, Renounce Religion, Evoke Berserk Rage


You were on level 5 of the Dungeon.
You worshipped Fedhas.
Fedhas was aware of your devotion.
You were not hungry.

You visited 2 branches of the dungeon, and saw 7 of its levels.

You collected 251 gold pieces.

Inventory:

Hand Weapons
 a - a +1 long sword (weapon)
Missiles
 d - 3 throwing nets (quivered)
Armour
 c - a +0 hat (worn)
 g - a +1 cloak (worn)
 l - a +0 pair of gloves (worn)
 s - a +0 ring mail (worn)
Jewellery
 h - an amulet of rage (around neck)
 q - a ring of wizardry (left hand)
Wands
 m - a wand of iceblast (2)
 r - a wand of polymorph (16)
Scrolls
 b - 2 scrolls of blinking {unknown}
 e - 2 scrolls of enchant weapon
 k - 2 scrolls of remove curse
 n - 2 scrolls of amnesia
 o - 2 scrolls of identify
 t - a scroll of teleportation
 u - a scroll of fear {unknown}
 w - a scroll of enchant armour {unknown}
Potions
 i - 4 potions of flight
 j - 2 potions of invisibility
 p - 3 potions of curing
Comestibles
 f - 11 rations


   Skills:
 - Level 2.0 Fighting
 + Level 7.1 Long Blades
 - Level 2.0 Throwing
 - Level 5.0 Armour
 - Level 5.2 Dodging
 + Level 2.7 Invocations
 + Level 4.2 Evocations


You had 7 spell levels left.
You didn't know any spells.

Dungeon Overview and Level Annotations

Branches:
Dungeon (6/15)             Temple (1/1) D:5

Altars:
Ashenzari
Cheibriados
Dithmenos
Fedhas
Gozag
Hepliaklqana
Kikubaaqudgha
Nemelex Xobeh
Okawaru
Qazlal
Ru
Sif Muna
Trog
Uskayaw
Vehumet
Wu Jian
Xom
Yredelemnul
Zin
The Shining One

Annotations:
D:6 Sigmund


Innate Abilities, Weirdness & Mutations

You have a beak for a mouth.
You have claws for feet.
You can fly.
You are partially covered in molten scales. (AC +2)
You are agile. (Dex +2)
Your muscles are strong. (Str +2)


Message History

The hound bites you but does no damage. The gnoll hits you but does no damage.
The gnoll shaman misses you. The worker ant barely misses you.
You slash the worker ant!
You kill the worker ant!
The gnoll shaman hits you with a club. The hound barely misses you.
You miss the hound. You claw the hound.
The hound is lightly wounded.
The hound bites you. The gnoll shaman hits you with a club.
The hound closely misses you.
You riposte.
You closely miss the hound. Your kick misses the hound.
Your peck misses the hound.
The hound is lightly wounded.
You hit the gnoll. You claw the gnoll. You peck the gnoll, but do no damage.
The gnoll is heavily wounded.
The gnoll hits you with a whip!
* * * LOW HITPOINT WARNING * * *
The gnoll shaman hits you with a club!
* * * LOW HITPOINT WARNING * * *
The hound bites you.
You die...
Fedhas appreciates your contribution to the ecosystem.

.)).....##..........[#
###...........########§§§§§8§§§§§
#........)..######.#§§§§###§§§§
#..................#§§§§#_#§§§§
#.....##.........### §§§#.#§§§§
##..<..##.........# §§#.#§§§§
##.<...###.........# §#.#§§§
...)..## #......gh.########.##
#....## #......@g.#....##...#
#.##.########...####.........#
................#.......######
.................>......#
≈..#..#####....##.#)....#####
≈.##..## #(##.)........#...##
≈≈##w..# ###................##
≈≈≈#.#.#####...###....#.......#
≈≈≈............##..##.#..>....#


You could see a gnoll shaman, a hound and a gnoll.

Vanquished Creatures
  Menkaure (D:5)
  An ice beast (D:5)
  2 ogres
  A centaur (D:5)
  A scorpion (D:5)
  3 killer bees
  A crimson imp (D:4)
  A centaur zombie (D:5)
  A bullfrog skeleton (D:5)
  2 hounds
  An orc priest (D:3)
  Jessica (D:2)
  4 orc wizards
  Natasha (thrice) (D:2)
  Terence (D:2)
  3 worker ants
  A gnoll (D:6)
  A shadow imp (D:4)
  An adder skeleton (D:4)
  An adder zombie (D:5)
  4 worms
  11 dart slugs
  8 leopard geckos
  13 orcs
  6 giant cockroaches
  7 goblins
  3 hobgoblins
  10 jackals
  A quokka (D:3)
  12 bats
  7 frilled lizards
  6 kobolds
  A leopard gecko skeleton (D:4)
  3 rats
123 creatures vanquished.

Vanquished Creatures (others)
  22 toadstools (D:5)
22 creatures vanquished.

Grand Total: 145 creatures vanquished

Notes
Turn   | Place    | Note
-------+----------+-------------------------------------------
     0 | D:1      | KristoblXynda the Tengu Gladiator began the quest for the Orb.
     0 | D:1      | Reached XP level 1. HP: 12/12 MP: 2/2
   270 | D:1      | Reached XP level 2. HP: 17/17 MP: 3/3
   389 | D:1      | Reached skill level 1 in Armour
   932 | D:2      | Noticed Natasha
   941 | D:2      | Killed Natasha
   941 | D:2      | Reached XP level 3. HP: 17/21 MP: 4/4
  1061 | D:2      | Noticed Natasha
  1078 | D:2      | Killed Natasha
  1078 | D:2      | Reached skill level 4 in Long Blades
  1078 | D:2      | Reached XP level 4. HP: 11/26 MP: 5/5
  1374 | D:2      | Found a snail-covered altar of Cheibriados.
  1374 | D:2      | Found a sparkling altar of Nemelex Xobeh.
  1724 | D:2      | Noticed Terence
  1732 | D:2      | Killed Terence
  1787 | D:2      | Found a glowing golden altar of the Shining One.
  1879 | D:2      | Noticed Natasha
  1886 | D:2      | Killed Natasha
  1886 | D:2      | Gained mutation: You can fly. [Tengu growth]
  1886 | D:2      | Reached XP level 5. HP: 30/30 MP: 6/6
  1949 | D:2      | Noticed Jessica
  1953 | D:2      | Killed Jessica
  2291 | D:3      | Gained mutation: You are agile. (Dex +2) [potion of mutation]
  2291 | D:3      | Gained mutation: Your muscles are strong. (Str +2) [potion of mutation]
  2291 | D:3      | Gained mutation: You are partially covered in molten scales. (AC +2) [potion of mutation]
  2508 | D:3      | Reached skill level 5 in Dodging
  2508 | D:3      | Reached XP level 6. HP: 17/35 MP: 7/7
  2510 | D:3      | Reached skill level 5 in Long Blades
  3019 | D:4      | Reached skill level 1 in Evocations
  3019 | D:4      | Reached XP level 7. HP: 10/40 MP: 7/9
  3730 | D:5      | Entered Level 5 of the Dungeon
  3775 | D:5      | Noticed Ijyb
  4087 | D:5      | Reached skill level 6 in Long Blades
  4236 | D:5      | Reached skill level 5 in Armour
  4241 | D:5      | Found a staircase to the Ecumenical Temple.
  4246 | Temple   | Entered the Ecumenical Temple
  4409 | Temple   | Became a worshipper of Fedhas Madash
  4505 | D:5      | Noticed Ijyb
  4505 | D:5      | Ijyb changed into Ijyb the centaur
  4512 | D:5      | Killed Ijyb the centaur
  4512 | D:5      | Reached skill level 1 in Invocations
  4512 | D:5      | Reached XP level 8. HP: 38/44 MP: 11/11
  4639 | D:5      | Noticed Menkaure
  4643 | D:5      | Killed Menkaure
  4767 | D:5      | Found a stormy altar of Qazlal.
  4864 | D:5      | Found a shattered altar of Ashenzari.
  4911 | D:5      | Reached skill level 7 in Long Blades
  5224 | D:5      | Reached * piety under Fedhas
  5363 | D:6      | Noticed Sigmund
  5389 | D:5      | Slain by a hound

Vault maps used:
D:1:      saegor_arrival_simple_a
D:2:      nicolae_tso_swordbearing_angel, amethyst_overflow_temple_binary,
          uniq_natasha, uniq_terence, uniq_jessica
D:3:      serial_bayou, serial_bayou_ford_a, serial_bayou_shore_b,
          serial_bayou_pond_d, serial_bayou_shore_b
D:4:      first_ration
D:5:      kennysheep_slugbush, nicolae_qazlal_eye_of_the_storm, temple_doors_e,
          nicolae_ashenzari_panopticon, uniq_ijyb, uniq_menkaure
D:6:      kennysheep_little_box, uniq_sigmund, uniq_pikel
Temple:   eino_temple_scatter_basement

Skill      XL: |  1  2  3  4  5  6  7  8 |
---------------+-------------------------+-----
Armour         | 1 2 3 4 5 |  5.0
Dodging        | 4 5 |  5.2
Long Blades    | 4 5 6 7 |  7.1
Evocations     | 1 3 4 |  4.2
Invocations    | 1 2 |  2.7
Fighting       | |  2.0
Throwing       | |  2.0

Action                   |  1- 3 |  4- 6 |  7- 9 || total
-------------------------+-------+-------+-------++-------
Melee: Long sword        |    42 |   131 |   126 ||   299
       Kick              |    19 |    51 |    50 ||   120
       Peck              |     9 |    30 |    34 ||    73
Invok: Fungal Bloom      |       |       |     8 ||     8
Evoke: Wand              |       |       |     3 ||     3
  Use: Scroll            |       |     8 |     2 ||    10
       Potion            |       |     2 |       ||     2
  Eat: Chunk             |       |     3 |     1 ||     4
       Ration            |       |     1 |     2 ||     3
Armor: Leather armour    |    18 |     2 |       ||    20
       Ring mail         |       |    53 |    71 ||   124
Dodge: Dodged            |    50 |    92 |   113 ||   255
       Rpst.: Long sword |    20 |    31 |    28 ||    79

Table legend:
 A = Spawn XP
 B = Non-spawn XP
 C = Spawn XP percentage of total XP
 D = Spawn monster count
 E = Non-spawn monster count
 F = Spawn count percentage of total count
 G = Total turns spent on level
                    A         B        C        D         E        F      G
               +---------+---------+-------+---------+---------+-------+---------
         Total |       0 |    1859 |   0.0 |       0 |     123 |   0.0 |  5389
               +---------+---------+-------+---------+---------+-------+---------
           D:1 |       0 |      30 |   0.0 |       0 |      19 |   0.0 |   801
           D:2 |       0 |     199 |   0.0 |       0 |      15 |   0.0 |  1201
           D:3 |       0 |     248 |   0.0 |       0 |      46 |   0.0 |   938
           D:4 |       0 |     339 |   0.0 |       0 |      14 |   0.0 |  1198
           D:5 |       0 |    1028 |   0.0 |       0 |      28 |   0.0 |  1060
           D:6 |       0 |      15 |   0.0 |       0 |       1 |   0.0 |    17
               +---------+---------+-------+---------+---------+-------+---------
